AoeStats
← DJ Blyatman!

Arena

507070534Analyzed
4v4 RM · 17d ago on Sep 16, 2026· 39m 8s· 8 players
Game mode
Random Map
Map size
Large (8 player)
Population
200
Speed
Normal
Resources
Standard
Victory
Conquest
Starting age
Dark Age
Ending age
Imperial Age
RankedLock teamsTeams togetherTeam positionsShared explorationLock speedFull tech treeHidden civsTurbo modeCheats
Victory
Defeat
🇨🇳 Wei · China
1293
+16
🇨🇳 Spanish · China
1254
+18
🇭🇰 Italians · Hong Kong SAR China
1223
+19
🇨🇳 Poles · China
1217
+19
🇮🇳 Ethiopians · India
1304
-19
🇮🇳 Byzantines · India
1292
-18
🇩🇪 Turks · Germany
1286
-18
🇲🇽 Italians · Mexico
1268
-17
fafagege
11:16 Feudal Age
17:43 Castle Age
15:35 Loom
15:39 Double-Bit Axe
15:48 Stone Mining
20:18 Padded Archer Armor
痛苦
10:11 Feudal Age
11:33 Double-Bit Axe
14:01 Castle Age
12:56 Horse Collar
15:26 Bow Saw
16:49 Gold Mining
16:51 Loom
18:04 Fletching
22:10 Heavy Plow
22:50 Wheelbarrow
26:56 Imperial Age
27:28 Stone Mining
28:34 Bodkin Arrow
28:40 Padded Archer Armor
29:25 Conscription
29:40 Hand Cart
30:52 Chemistry
31:25 Ballistics
31:37 Town Watch
34:11 Bracer
35:01 Leather Archer Armor
35:18 Elite Genoese Crossbowman
38:09 Two-Man Saw
DJ Blyatman!
10:26 Feudal Age
13:59 Castle Age
11:47 Double-Bit Axe
12:19 Horse Collar
17:56 Loom
20:13 Husbandry
20:50 Bloodlines
23:02 Wheelbarrow
23:52 Heavy Plow
26:15 Fervor
26:22 Bow Saw
27:26 Scale Barding Armor
27:15 Stone Mining
27:18 Gold Mining
30:33 Imperial Age
29:02 Stone Shaft Mining
28:48 Chain Barding Armor
28:15 Treadmill Crane
29:36 Hand Cart
29:35 Forging
29:26 Town Watch
29:33 Fletching
30:06 Ballistics
29:58 Masonry
31:07 Szlachta Privileges
31:39 Iron Casting
30:34 Cavalier
32:20 Chemistry
31:56 Crop Rotation
31:45 Bodkin Arrow
32:00 Bodkin Arrow
33:36 Blast Furnace
32:32 Bodkin Arrow
33:00 Town Patrol
33:14 Light Cavalry
34:24 Siege Engineers
35:53 Conscription
36:07 Arrowslits
36:18 Murder Holes
36:33 Fortified Wall
37:00 Winged Hussar
只爆叉叉
10:44 Feudal Age
12:04 Double-Bit Axe
12:01 Horse Collar
15:04 Castle Age
16:11 Bow Saw
16:04 Heavy Plow
21:19 Stone Mining
22:26 Wheelbarrow
22:17 Gold Mining
24:00 Hand Cart
24:14 Loom
26:32 Gold Shaft Mining
26:32 Scale Barding Armor
26:37 Forging
29:35 Imperial Age
27:33 Chain Barding Armor
28:04 Tuntian
28:07 Husbandry
28:44 Iron Casting
29:05 Bloodlines
28:54 Treadmill Crane
31:22 Blast Furnace
30:44 Conscription
30:50 Ming Guang Armor
29:48 Heavy Hei Guang Cavalry
31:43 Chemistry
31:03 Ballistics
30:39 Fletching
31:45 Crop Rotation
31:57 Parthian Tactics
31:41 Padded Archer Armor
31:47 Town Watch
32:22 Fortified Wall
33:36 Bodkin Arrow
33:56 Leather Archer Armor
35:09 Bracer
36:38 Thumb Ring
37:54 Ring Archer Armor
CyberAthlete
11:00 Feudal Age
14:45 Castle Age
12:46 Double-Bit Axe
12:54 Horse Collar
16:34 Wheelbarrow
21:35 Hand Cart
21:24 Heavy Plow
22:54 Loom
24:02 Bow Saw
23:46 Gold Mining
23:47 Stone Mining
25:19 Gold Shaft Mining
25:56 Stone Shaft Mining
30:27 Imperial Age
30:29 Forging
30:24 Scale Barding Armor
31:33 Logistica
31:47 Conscription
31:26 Elite Cataphract
32:50 Husbandry
33:27 Iron Casting
33:12 Chain Barding Armor
32:33 Pikeman
33:39 Squires
34:31 Scale Mail Armor
36:09 Chain Mail Armor
36:29 Plate Barding Armor
36:00 Halberdier
37:42 Plate Mail Armor
Aka1412
10:42 Feudal Age
14:45 Castle Age
13:57 Double-Bit Axe
13:53 Horse Collar
18:03 Fletching
18:02 Crossbowman
20:14 Bodkin Arrow
EsoTilinsito283
10:45 Feudal Age
15:06 Castle Age
13:51 Double-Bit Axe
14:43 Horse Collar
23:28 Stone Mining
23:30 Gold Mining
26:22 Fletching
29:20 Imperial Age
26:39 Loom
28:08 Wheelbarrow
27:46 Bow Saw
27:43 Heavy Plow
28:57 Ballistics
28:34 Bodkin Arrow
28:40 Padded Archer Armor
30:20 Bracer
30:37 Leather Archer Armor
31:02 Stone Shaft Mining
30:50 Hand Cart
32:01 Chemistry
30:43 Elite Genoese Crossbowman
32:30 Ring Archer Armor
32:52 Conscription
Kirschtopf
10:30 Feudal Age
12:56 Double-Bit Axe
13:21 Double-Bit Axe
16:35 Castle Age
15:44 Horse Collar
16:51 Loom
18:02 Bow Saw
Connection lost

Rejoining the realm…

Still unreachable

The connection could not be restored.

Session expired

The server has moved on; the page needs a fresh start.